 Dungeon Crawl Stone Soup version 0.31.0-9-g3a7656b989 (webtiles) character file.

Game seed: 5961301599596044610

143 Kass the Sneak (level 5, -8/31 HPs)
             Began as an Octopode Alchemist on Jan 30, 2024.
             Killed by an exploding Duvessa (33 damage)
             ... ignited by their inner flame
             ... on level 4 of the Dungeon.
             The game lasted 00:08:47 (2875 turns).

Kass the Sneak (Octopode Alchemist)                 Turns: 2875, Time: 00:08:50

Health: -8/31      AC:  1    Str:  7    XL:     5   Next: 25%
Magic:  4/9        EV: 18    Int: 20    God:
Gold:   105        SH:  0    Dex: 12    Spells: 6/9 levels left

rFire   . . .        f - +2 short sword (speed)
rCold   . . .        (no shield)
rNeg    . . .        (helmet restricted)
rPois   .            (no amulet)
rElec   .            p - +5 ring of evasion
rCorr   .            (no ring)
SInv    .            (no ring)
Will    .....        (no ring)
Stlth   +++          (no ring)
HPRegen 0.25/turn    (no ring)
MPRegen 0.11/turn    (no ring)
                     (no ring)

%: no passive effects
@: weak-willed
A: almost no armour, amphibious, 8 rings, camouflage 1, gelatinous body 1,
(nimble swimmer 1), tentacles
a: no special abilities


You were on level 4 of the Dungeon.
You visited 1 branch of the dungeon, and saw 4 of its levels.

You collected 105 gold pieces.

Inventory:

Hand Weapons
 f - a +2 short sword of speed (weapon)
 q - a +0 shortbow of flaming
Jewellery
 p - a +5 ring of evasion (left tentacle)
Wands
 r - a wand of flame (6)
Scrolls
 b - 2 scrolls of identify
 c - a scroll of poison {unknown}
 d - 2 scrolls of immolation
 g - a scroll of butterflies {unknown}
 i - a scroll of vulnerability
 k - a scroll of enchant weapon {unknown}
 l - a scroll of revelation {unknown}
 n - a scroll of silence {unknown}
Potions
 a - a potion of magic
 h - a potion of ambrosia {unknown}
 j - a potion of might {unknown}
 m - 3 potions of attraction
 o - a potion of cancellation {unknown}


   Skills:
 + Level 2.9 Dodging
 + Level 4.1 Stealth
 + Level 2.7 Spellcasting
 + Level 2.2 Conjurations
 + Level 4.1 Alchemy


You had 6 spell levels left.
You knew the following spells:

 Your Spells              Type           Power      Damage    Failure   Level
a - Sting                 Conj/Alch      60%        1d6       4%          1
b - Mercury Vapours       Alch/Air       20%        N/A       10%         2

Your spell library contained the following spells:

 Spells                   Type           Power      Damage    Failure   Level
 Mephitic Cloud           Conj/Alch/Air  11%        N/A       19%         3
 Lesser Beckoning         Tloc           4%         N/A       22%         2
 Olgreb's Toxic Radiance  Alch           19%        N/A       26%         4
 Gell's Gravitas          Tloc           2%         N/A       41%         3
 Teleport Other           Tloc           2%         N/A       41%         3
 Sticky Flame             Fire/Alch      10%        2d5       54%         4


Dungeon Overview and Level Annotations

Branches:
Dungeon (4/15)
 Temple: D:4-7

Altars:
Elyvilon

Annotations:
D:3 2 transporters, CapUranus's ghost, amateur GrFi


Innate Abilities, Weirdness & Mutations

You cannot wear most types of armour.
You are amphibious.
You can wear up to eight rings at the same time.
Your skin changes colour to match your surroundings (Stealth+).
Your rubbery body absorbs attacks. (AC +1, EV +1)
((You are camouflaged when in or above water. (Stealth+)))
You have tentacles for arms and can constrict up to eight enemies at once.


Message History

Duvessa misses you.
You hit Duvessa but do no damage. You squeeze Duvessa.
Duvessa is moderately wounded.
Your attacks no longer feel as feeble.
You constrict Duvessa, but do no damage.
Duvessa hits you with a +0 short sword!
* * * LOW HITPOINT WARNING * * *
Casting: Mercury Vapours (safe; 10% risk of failure)
Confirm with . or Enter, or press ? or * to list all spells.
Aiming: Mercury Vapours (safe; 10% risk of failure)
Press: ? - help, Dir - move target, p - Duvessa Fumes of mercury billow through the air!
You constrict Duvessa, but do no damage.
Duvessa is no longer weakened.
Duvessa barely misses you. Duvessa completely misses you.
Unknown command.
You feel much better.
You constrict Duvessa, but do no damage.
Duvessa completely misses you.
As you read the scroll labelled OHUCUMEPEN, it crumbles to dust.
The creatures around you are filled with an inner flame!
It was a scroll of immolation.
You constrict Duvessa.
Flame seeps out of Duvessa. x2; Duvessa looks more healthy.
Duvessa is engulfed in blazing flames.
Flame seeps out of Duvessa.
Duvessa completely misses you.
Duvessa is engulfed in blazing flames.
Flame seeps out of Duvessa.
Duvessa closely misses you.
As you read the scroll labelled BYSETRI MOME, it crumbles to dust.
It is a scroll of identify.
m - 3 potions of attraction You constrict Duvessa, but do no damage.
Duvessa is engulfed in blazing flames.
Flame seeps out of Duvessa.
Duvessa hits you with a +0 short sword.
As you read the scroll labelled NECLEN BAON, it crumbles to dust.
A wave of despondency washes over your surroundings.
It was a scroll of vulnerability.
You constrict Duvessa.
Flame seeps out of Duvessa.
Duvessa is engulfed in blazing flames.
Duvessa explodes!
The fiery explosion engulfs you!!
Ouch! That really hurt!
You die...

..#<........# . #.###.##.####
. ##.###....# ######.
#......#### .....e #.........#
#..#.. #......##.# ##.....
#......##.# #~.....
#......##.# ##......
###....@§##.###.##..~~.~
#≈#....§°§.......$......
####≈...≈≈§.§>......##..#.#
#.##.≈≈~..≈~..##.########.##..
#..~≈....≈~...#.......)...####
####≈≈#.......#......######
##≈≈≈......#......#
###≈≈≈....#......#
####.#.≈#......#


There were no monsters in sight!

Vanquished Creatures
  Duvessa (D:4)
  Dowan (D:4)
  An orc wizard (D:3)
  A dart slug (D:1)
  3 orcs (D:3)
  8 ball pythons
  5 bats
  7 endoplasms
  3 giant cockroaches
  7 hobgoblins
  6 jackals (D:1)
  4 quokkas
  3 frilled lizards
  7 goblins
  2 kobolds (D:1)
  7 rats
66 creatures vanquished.

Notes
Turn   | Place    | Note
-------+----------+-------------------------------------------
     0 | D:1      | Kass the Octopode Alchemist began the quest for the Orb.
     0 | D:1      | Reached XP level 1. HP: 11/11 MP: 3/3
   214 | D:1      | Reached XP level 2. HP: 16/17 MP: 3/5
   270 | D:1      | Learned a level 2 spell: Mercury Vapours
   680 | D:1      | Reached XP level 3. HP: 15/21 MP: 2/6
  2079 | D:3      | Found a transporter.
  2081 | D:3      | Found a transporter.
  2081 | D:3      | Noticed CapUranus's ghost (amateur GrFi)
  2103 | D:3      | Reached XP level 4. HP: 24/27 MP: 7/7
  2307 | D:3      | Found a white marble altar of Elyvilon.
  2697 | D:4      | Noticed Duvessa
  2778 | D:4      | Noticed Dowan
  2802 | D:4      | Killed Dowan
  2803 | D:4      | Reached XP level 5. HP: 20/31 MP: 4/9
  2875 | D:4      | Killed Duvessa
  2875 | D:4      | Killed by an exploding Duvessa... ignited by their inner
                  | flame

Illustrated notes

Levels and vault maps discovered:
D:1:      wander_arrival_abandoned_jail, layout_basic, roderic_lattice_a,
          nicolae_concentric_dashed_squares_wild
D:2:      layout_basic, minmay_misc_feat_square
D:3:      layout_basic, lemuel_coloured_pillars_altar,
          gammafunk_ghost_mausoleum, nrook_mini_backslash
D:4:      minmay_angry_zag, layout_basic, tgw_kikubaaqudgha, serial_rivers,
          chequers_serial_rivers_micro_c, chequers_serial_rivers_small_b,
          chequers_serial_rivers_small_b, chequers_serial_rivers_small_b,
          chequers_serial_rivers_micro_e, uniq_duvessa

Skill      XL: |  1  2  3  4 |
---------------+-------------+-----
Stealth        | 3 4 |  4.1
Conjurations   | 2 |  2.2
Alchemy        | 4 |  4.1
Dodging        | |  2.9
Spellcasting   | |  2.7

Action                     |  1- 3 |  4- 6 || total
---------------------------+-------+-------++-------
  Melee: Unarmed           |    24 |       ||    24
         Constrict         |    16 |     5 ||    21
         Tentacles         |     8 |     8 ||    16
         Short sword       |    59 |    28 ||    87
   Cast: Sting             |    15 |     8 ||    23
         Mercury Vapours   |     7 |     4 ||    11
    Use: Scroll            |       |     3 ||     3
         Potion            |       |     2 ||     2
   Stab: Sleeping          |    19 |     6 ||    25
 Armour: Skin              |    30 |    15 ||    45
  Dodge: Dodged            |    29 |    19 ||    48
